 Dungeon Crawl Stone Soup version 0.21-a0-538-gd16b88a (webtiles) character file.

193 Lanoc the Skirmisher (level 5, -1/33 HPs)
             Began as a Demonspawn Chaos Knight on Dec 17, 2017.
             Killed from afar by an orc wizard (3 damage)
             ... with a puff of frost
             ... on level 4 of the Dungeon.
             The game lasted 00:10:00 (3429 turns).

Lanoc the Skirmisher (Demonspawn Chaos Knight)      Turns: 3429, Time: 00:10:02

Health: -1/33      AC:  6    Str: 13    XL:     5   Next: 43%
Magic:  5/5        EV: 10    Int: 14    God:    Xom [......]
Gold:   119        SH:  0    Dex: 13    Spells: 4/4 levels left

rFire    + . .     SeeInvis .   (no weapon)
rCold    + . .     Gourm    .   (no shield)
rNeg     . . .     Faith    .   e - +1 ring mail {MR+}
rPois    +         Spirit   .   (no helmet)
rElec    .         Reflect  .   s - scarf {rC+ rF+}
rCorr    .         Harm     .   (no gloves)
MR       +....     Rnd*Rage +   (no boots)
Stlth    +++.......             (no amulet)
HPRegen  0.11/turn              i - +3 ring of intelligence
MPRegen  0.09/turn              o - ring of poison resistance

@: lethally poisoned (-1 -> -16), drained
A: claws 1, hooves 1, berserk 1, dopey 1, frail 2, nightstalker 2
a: Renounce Religion


You were on level 4 of the Dungeon.
You worshipped Xom.
You were a very special plaything of Xom.
You were not hungry.

You visited 1 branch of the dungeon, and saw 4 of its levels.

You collected 119 gold pieces.

Inventory:

Hand Weapons
 a - a +0 falchion of chaos
Missiles
 l - 6 exploding tomahawks
 n - 85 sling bullets
 t - 12 arrows
 x - 4 tomahawks (quivered)
Armour
 e - a +1 ring mail of magic resistance (worn)
 s - a scarf of resistance (worn)
Jewellery
 i - a +3 ring of intelligence (left claw)
 o - a ring of poison resistance (right claw)
 u - a cursed -3 ring of dexterity {unknown}
Scrolls
 b - a scroll of immolation {unknown}
 f - a scroll of noise {unknown}
 h - 4 scrolls of identify {unknown}
 j - 3 scrolls of amnesia {unknown}
 m - 8 scrolls of teleportation {unknown}
 r - a scroll of blinking {unknown}
 v - a scroll of magic mapping {unknown}
 w - 2 scrolls of remove curse {unknown}
 y - a scroll of fear {unknown}
Potions
 d - 2 potions of invisibility
 g - 2 potions of flight
Comestibles
 c - 2 bread rations
 p - 2 fruits
 q - 2 meat rations
 z - 5 chunks of flesh


   Skills:
 + Level 3.9(2.9) Fighting
 - Level 3.4(2.4) Long Blades
 + Level 2.9(1.9) Armour
 + Level 2.3(1.3) Dodging
 + Level 1.3(0.3) Stealth
 + Level 0.5(0.0) Unarmed Combat


You had 4 spell levels left.
You didn't know any spells.

Dungeon Overview and Level Annotations

Branches:
Dungeon (4/15)
 Temple: D:4-7

Altars:
Fedhas


Innate Abilities, Weirdness & Mutations

You have sharp fingernails.
You have large cloven feet.
You are significantly more attuned to the shadows.
You tend to lose your temper in combat.
You are dopey. (Int -2)
You are very frail. (-20% HP)


Message History

* * * LOW HITPOINT WARNING * * *
You feel sick. "Suffer!"
You feel a surge of unholy energy.
The orc wizard hits you but does no damage.
The orc wizard barely misses you.
You completely miss the orc wizard.
You kick the orc wizard, but do no damage.
The orc wizard is severely wounded.
* * * LOW HITPOINT WARNING * * *
You feel sick.
The orc wizard hits you but does no damage.
You scratch the orc wizard but do no damage.
You kick the orc wizard.
The orc wizard is almost dead.
* * * LOW HITPOINT WARNING * * *
You feel sick. The orc wizard casts a spell at you. The puff of frost hits you!
You resist.
You die...

≈≈≈.# ##)## ≈≈≈≈## #)#
.≈≈#≈# #.########
≈.≈#≈####........#
..≈≈..##...#####.#
..≈##.......####.####.
≈≈≈≈≈#.....##..oo.....
≈≈≈≈...#..###)##o#####
≈≈≈..........#.#@#
≈≈≈#..###.###.##.#
≈≈###.# #........#
#.######## #.# #.# #..
#.


You could see an orc wizard and 2 orcs.

Vanquished Creatures
  An iguana (D:3)
  4 gnolls (D:4)
  5 adders
  2 oozes
  A worm (D:2)
  5 dart slugs (D:4)
  A leopard gecko (D:3)
  4 orcs (D:3)
  6 giant cockroaches
  5 goblins
  9 hobgoblins
  6 kobolds
  6 bats
  3 frilled lizards
  A leopard gecko skeleton (D:4)
  3 rats
62 creatures vanquished.

Notes
Turn   | Place    | Note
-------+----------+-------------------------------------------
     0 | D:1      | Lanoc the Demonspawn Chaos Knight began the quest for the Orb.
     0 | D:1      | Reached XP level 1. HP: 18/18 MP: 1/1
    15 | D:1      | Reached skill level 1 in Dodging
   103 | D:1      | XOM: divination: magic mapping
   127 | D:1      | Gained mutation: You are slightly more attuned to the shadows. [demonic ancestry]
   127 | D:1      | Reached XP level 2. HP: 24/24 MP: 2/2
   230 | D:1      | XOM: harmless Summ miscast
   380 | D:1      | XOM: severe Tloc miscast
   405 | D:1      | Gained mutation: You are frail. (-10% HP) [mutagenic glow]
   460 | D:1      | XOM: stat loss: -1 Str (11/12)
   969 | D:2      | Gained mutation: You are significantly more attuned to the shadows. [demonic ancestry]
   969 | D:2      | Reached XP level 3. HP: 20/26 MP: 3/3
   980 | D:2      | XOM: noise
  1114 | D:1      | XOM: stat loss: -1 Str (10/12)
  1263 | D:2      | XOM: give mutation
  1263 | D:2      | Gained mutation: You are dopey. (Int -2) [Xom's mischief]
  2094 | D:2      | Gained mutation: You have sharp fingernails. [demonic ancestry]
  2094 | D:2      | Reached XP level 4. HP: 31/31 MP: 4/4
  2308 | D:3      | XOM: smoke on damage
  2504 | D:3      | XOM: confusion (+ monsters)
  2696 | D:3      | XOM: give mutations
  2696 | D:3      | Gained mutation: You tend to lose your temper in combat. [Xom's mischief]
  2696 | D:3      | Gained mutation: You are very frail. (-20% HP) [Xom's mischief]
  2828 | D:3      | XOM: smoke on damage
  2966 | D:3      | XOM: 3-stop teleportation journey
  3083 | D:3      | Gained mutation: You have large cloven feet. [demonic ancestry]
  3083 | D:3      | Reached XP level 5. HP: 31/33 MP: 5/5
  3106 | D:3      | Found a blossoming altar of Fedhas.
  3182 | D:4      | Reached skill level 1 in Stealth
  3427 | D:4      | XOM: torment (3/33 hp)
  3429 | D:4      | Killed from afar by an orc wizard

Vault maps used:
D:1:      ncdulo_lavacross
D:3:      fedhas_altar_4
D:4:      kennysheep_slugbush, cheibriados_altar_1, lemuel_crystal_altar,
          grunt_temple_overflow_open, first_bread, bloody_trog

Skill      XL: |  1  2  3  4  5 |
---------------+----------------+-----
Dodging        | 1 2 |  2.3
Armour         | 2 |  2.9
Long Blades    | 3 |  3.4
Stealth        | 1 |  1.3
Fighting       | |  3.9
Unarmed Combat | |  0.5

Action                   |  1- 3 |  4- 6 || total
-------------------------+-------+-------++-------
Melee: Falchion          |    84 |    60 ||   144
       Unarmed           |       |    40 ||    40
       Kick              |       |    13 ||    13
  Use: Potion            |       |     6 ||     6
 Stab: Sleeping          |     5 |     6 ||    11
       Confused          |     2 |     2 ||     4
       Petrified         |     1 |       ||     1
  Eat: Chunk             |     2 |     5 ||     7
       Fruit             |     1 |       ||     1
Armor: Leather armour    |    26 |    10 ||    36
       Ring mail         |       |    18 ||    18
Dodge: Dodged            |    67 |    60 ||   127
       Rpst.: Falchion   |    25 |    15 ||    40

Table legend:
 A = Spawn XP
 B = Non-spawn XP
 C = Spawn XP percentage of total XP
 D = Spawn monster count
 E = Non-spawn monster count
 F = Spawn count percentage of total count
 G = Total turns spent on level
                    A         B        C        D         E        F      G
               +---------+---------+-------+---------+---------+-------+---------
         Total |       0 |     276 |   0.0 |       0 |      62 |   0.0 |  3429
               +---------+---------+-------+---------+---------+-------+---------
           D:1 |       0 |      24 |   0.0 |       0 |      14 |   0.0 |  1173
           D:2 |       0 |      87 |   0.0 |       0 |      19 |   0.0 |  1092
           D:3 |       0 |      87 |   0.0 |       0 |      18 |   0.0 |   905
           D:4 |       0 |      78 |   0.0 |       0 |      11 |   0.0 |   259
               +---------+---------+-------+---------+---------+-------+---------
